Cogmind - Beta 13 @@@ ROGUE MODE // 2024.04.04 @ 22:31:01 Player: CogEmotions! Result: Self-destructed Performance ------------- Evolutions (1) 500 Regions Visited (4) 800 Robots Destroyed (35) 175 Value Destroyed (766) 766 Prototype IDs (1) 20 Alien Tech Used (0) 0 Bonus (-16) -16 TOTAL SCORE: 2245 Bonus ------- Friendly Fire -16 Cogmind --------- Core Integrity 291/400 Matter 276/300 Energy 250/250 System Corruption 0% Temperature Cool (0) Movement Rolling (110) Ox2 Location -9/Mines Parts ------- > --- POWER (1) -------- Ion Engine > --- PROPULSION (3) --- Wheel Wheel Wheel > --- UTILITY (3) ------ High-capacity Storage Unit Medium Armor Plating Sensor Drone Bay (18/20) > --- WEAPON (2) ------- Heavy Assault Rifle Heavy Assault Rifle > --- INVENTORY (20) --- Light Ion Engine Light Ion Engine High-capacity Matter Pod (200) ECM Suite Grenade Launcher Mining Laser Peak State ------------ > --- POWER ------------ Ion Engine > --- PROPULSION ------- Wheel Wheel Wheel > --- UTILITY ---------- High-capacity Storage Unit Medium Armor Plating Sensor Drone Bay > --- WEAPON ----------- Heavy Assault Rifle Heavy Assault Rifle > --- INVENTORY -------- Light Ion Engine Light Ion Engine High-capacity Matter Pod ECM Suite Grenade Launcher Mining Laser [Rating: 19] Favorites ----------- Power Ion Engine Engine Ion Engine Propulsion Light Treads Treads Light Treads Wheel Compact Wheel Hover Unit Hover Unit Utility Sensor Drone Bay Device Sensor Drone Bay Storage Small Storage Unit Protection Light Armor Plating Weapon Assault Rifle Energy Cannon Particle Cannon Ballistic Gun Assault Rifle Launcher Grenade Launcher Build | -11 -10 -10 -9 -9 ------- Run | Yrd Mat Min Mat Min Slots Evolved 2 | . . . 2 . Power . | . . . . . Propulsion 1 | . . . 1 . Utility 1 | . . . 1 . Weapon . | . . . . . Parts Attached 29 | 7 1 5 16 . Power 4 | 2 . 1 1 . Engine 4 | 2 . 1 1 . Core . | . . . . . Reactor . | . . . . . Propulsion 11 | 2 . 2 7 . Treads 2 | 2 . . . . Leg . | . . . . . Wheel 7 | . . 2 5 . Hover 2 | . . . 2 . Flight . | . . . . . Utility 7 | 1 1 1 4 . Device 1 | . . 1 . . Storage 3 | 1 . . 2 . Processor . | . . . . . Hackware . | . . . . . Protection 3 | . 1 . 2 . Artifact . | . . . . . Weapon 7 | 2 . 1 4 . Energy Gun . | . . . . . Energy Cannon 1 | . . . 1 . Ballistic Gun 5 | 2 . 1 2 . Ballistic Cannon . | . . . . . Launcher 1 | . . . 1 . Special Weapon . | . . . . . Impact Weapon . | . . . . . Slashing Weapon . | . . . . . Piercing Weapon . | . . . . . Special Melee Weapon . | . . . . . Unidentified Prototypes 1 | . . 1 . . Parts Lost 6 | . . 1 5 . Power 1 | . . . 1 . Propulsion 2 | . . 1 1 . Utility 1 | . . . 1 . Weapon 2 | . . . 2 . Highest Loss Streak 5 | . . 1 5 . To Critical Strikes . | . . . . . Average Slot Usage (%) 91 | . 98 96 85 . Engine 11 | . 14 14 8 . Treads 10 | . 28 13 . . Wheel 16 | . . 11 26 . Hover 1 | . . . 3 . Device 8 | . . 10 11 . Storage 12 | . 14 14 11 . Protection 5 | . 12 3 3 . Ballistic Gun 24 | . 28 28 20 . Naked Turns . | . . . . . Heaviest Build 72 | 12 15 28 72 72 Greatest Support 44 | 40 40 40 44 30 Greatest Overweight (x) 2 | . . 1 2 2 Average Overweight (x) . | . . . . 2 Largest Inventory Capacity 20 | 8 8 8 20 20 Average Capacity 9 | 7 8 8 12 20 Most Carried 8 | 5 8 8 8 6 Average Carried 5 | 1 4 6 5 6 Final Capacity 20 | 8 8 8 20 20 Final Carried 8 | 1 8 5 6 6 Class Distribution -------------------- 75% | Mutant 24% | Scavenger-Mutant Dominant Class ---------------- Mutant | -10/Materials Mutant | -10/Mines Scavenger-Mutant | -9/Materials Scavenger-Mutant | -9/Mines Resources | -11 -10 -10 -9 -9 ----------- Run | Yrd Mat Min Mat Min Matter Collected 1175 | 263 204 241 467 . Remotely . | . . . . . Salvage Created 1267 | . 183 117 967 . Parts 83 | . 19 9 55 . Haulers Intercepted 1 | . . . 1 . Recyclers Shooed 4 | . . . 4 . Parts Field Recycled . | . . . . . Retrieved Matter . | . . . . . Parts Self-Destructed . | . . . . . Prevented . | . . . . . Kills | -11 -10 -10 -9 -9 ------- Run | Yrd Mat Min Mat Min Combat Hostiles Destroyed 22 | . 5 2 15 . Guns 15 | . 5 2 8 . Cannons 4 | . . . 4 . AOE 3 | . . . 3 . Classes Destroyed 9 | . 4 1 4 . Worker 2 | . 1 . 1 . Builder 4 | . . 1 3 . Hauler 1 | . . . 1 . Recycler 4 | . . . 4 . Watcher 2 | . 1 . 1 . Swarmer 6 | . 3 . 3 . Grunt 12 | . 2 2 8 . Duelist 1 | . . . 1 . Sentry 3 | . . . 3 . Best Kill Streak 9 | . 4 2 9 . Combat Bots Only 7 | . 3 1 7 . Max Kills in Single Turn 2 | . 2 1 2 . Gunslinging . | . . . . . Exploded 1 | . . . 1 . Melee . | . . . . . Uniques/NPCs Destroyed . | . . . . . Combat | -11 -10 -10 -9 -9 -------- Run | Yrd Mat Min Mat Min Hostile Shots Fired 147 | . 27 40 80 . Missed 38 | . 6 17 15 . Damage Taken 1457 | . 226 330 901 . Core 175 | . 23 43 109 . Absorbed by Shields . | . . . . . Core Remaining (%) 86 | 100 . 73 . . Volleys Fired 96 | . 19 16 61 . Largest 2 | . 2 2 2 . Hottest 88 | . 40 40 88 . Shots Fired 180 | . 38 33 109 . Gun 153 | . 38 33 82 . Cannon 23 | . . . 23 . Launcher 4 | . . . 4 . Special . | . . . . . Kinetic 153 | . 38 33 82 . Thermal 23 | . . . 23 . Explosive 4 | . . . 4 . Electromagnetic . | . . . . . Robot Hit Streak 11 | . 10 11 8 . Robot Miss Streak 5 | . 5 2 4 . Penetration Max . | . . . . . Secondary Targets 3 | . 2 . 1 . Max Gunslinging Chain 1 | . 1 . 1 . Shots Hit Robots 106 | . 19 19 68 . Core Hits 57 | . 11 10 36 . Critical Kills . | . . . . . Critical Parts Destroyed 1 | . . 1 . . Critical Strikes 1 | . . 1 . . Destroy 1 | . . 1 . . Melee Attacks . | . . . . . Impact . | . . . . . Slashing . | . . . . . Piercing . | . . . . . Sneak Attacks . | . . . . . Combat Hostiles . | . . . . . Follow-up Attacks . | . . . . . Damage Inflicted 1825 | . 265 264 1296 . Guns 1269 | . 258 255 756 . Cannons 285 | . . . 285 . Explosions 211 | . . . 211 . Melee . | . . . . . Ramming 60 | . 7 9 44 . Kinetic 1269 | . 258 255 756 . Thermal 285 | . . . 285 . Explosive 211 | . . . 211 . Electromagnetic . | . . . . . Impact . | . . . . . Slashing . | . . . . . Piercing . | . . . . . Highest Corruption 1 | . . 1 . . Average Corruption 1 | . . 1 . . Corruption Purged . | . . . . . Corruption Blocked . | . . . . . Effects 2 | . . 2 . . Heat Flow Errors 1 | . . 1 . . Misfires 1 | . . 1 . . Overload Shots . | . . . . . Overflow Damage . | . . . . . Projectiles . | . . . . . Explosions . | . . . . . Melee . | . . . . . Knockbacks 1 | . . . 1 . Impact 1 | . . . 1 . Kinetic . | . . . . . Secondary . | . . . . . Self-Inflicted Damage 61 | . . 3 58 . Shots 2 | . . . 2 . Rammed 8 | . 1 3 4 . Targets Rammed 8 | . 1 3 4 . Kicked . | . . . . . Crushed . | . . . . . Highest Temperature 479 | . 2 188 479 . Average Temperature 179 | . 2 40 232 . Received Heat Transfer 627 | . 93 204 330 . Effects 6 | . . . 6 . Energy Bleed 1 | . . . 1 . Interference 3 | . . . 3 . Matter Decay 1 | . . . 1 . Short Circuit 1 | . . . 1 . Siege Activations . | . . . . . Robots Corrupted . | . . . . . Combat Hostiles . | . . . . . Parts Fried . | . . . . . Impact Corruptions . | . . . . . Robots Melted . | . . . . . Combat Hostiles . | . . . . . Parts Melted 1 | . . . 1 . Heat Transferred 518 | . . . 518 . Parts Sabotaged . | . . . . . Parts Stolen . | . . . . . Parts Stripped . | . . . . . Power Chain Reactions . | . . . . . Alert | -11 -10 -10 -9 -9 ------- Run | Yrd Mat Min Mat Min Peak Influence 283 | . 208 121 283 61 Initial 81 | . . 81 19 61 Average 96 | . 122 69 114 61 Maximum Alert Level 1 | . 1 . 1 . Low Security (%) 89 | 100 80 100 84 100 Level 1 10 | . 19 . 15 . Level 2 . | . . . . . Level 3 . | . . . . . Level 4 . | . . . . . Level 5 . | . . . . . High Security . | . . . . . Max Security . | . . . . . Squads Dispatched 6 | . 3 . 3 . Investigation 2 | . 1 . 1 . Extermination . | . . . . . Reinforcement 4 | . 2 . 2 . Assault . | . . . . . Garrison . | . . . . . Intercept . | . . . . . Searches Triggered . | . . . . . Construction Impeded . | . . . . . Haulers Reinforced . | . . . . . Active Scanning Responses . | . . . . . Cargo Convoy Interrupts . | . . . . . Stealth | -11 -10 -10 -9 -9 --------- Run | Yrd Mat Min Mat Min Distress Signals 5 | . 1 . 4 . Communications Jammed . | . . . . . Distress Signals . | . . . . . Times Spotted 50 | . 17 6 27 . Peak Tracking Total 11 | . 5 3 11 . Tactical Retreats 6 | . . 3 3 . Traps | -11 -10 -10 -9 -9 ------- Run | Yrd Mat Min Mat Min Traps Triggered 2 | . 1 . 1 . Indirectly . | . . . . . Trap Hack Attempts . | . . . . . Triggered . | . . . . . Disarmed . | . . . . . Reprogrammed . | . . . . . Reused . | . . . . . Traps Extracted . | . . . . . Installed . | . . . . . Triggered . | . . . . . Machines | -11 -10 -10 -9 -9 ---------- Run | Yrd Mat Min Mat Min Machines Disabled 1 | . . . 1 . Max in Single Turn 1 | . . . 1 . Machines Repaired . | . . . . . Machines Dismantled . | . . . . . Machines Sabotaged . | . . . . . Overloaded Fab Kills . | . . . . . Hacking | -11 -10 -10 -9 -9 --------- Run | Yrd Mat Min Mat Min Machines Accessed 2 | . 1 1 . . Terminals 1 | . 1 . . . Fabricators . | . . . . . Repair Stations . | . . . . . Recycling Units . | . . . . . Scanalyzers . | . . . . . Garrison Access . | . . . . . Total Hacks 4 | . 3 1 . . Successful 2 | . 1 1 . . Failed 2 | . 2 . . . Catastrophic 2 | . 2 . . . Database Lockouts . | . . . . . Manual 2 | . 2 . . . Terminals 3 | . 3 . . . Fabricators . | . . . . . Repair Stations . | . . . . . Recycling Units . | . . . . . Scanalyzers . | . . . . . Garrison Access . | . . . . . Terminal Hacks 2 | . 1 1 . . Record 1 | . 1 . . . Open Door 1 | . . 1 . . Fabricator Hacks . | . . . . . Repair Station Hacks . | . . . . . Recycling Unit Hacks . | . . . . . Scanalyzer . | . . . . . Garrison Access Hacks . | . . . . . Unauthorized Hacks . | . . . . . Terminals . | . . . . . Fabricators . | . . . . . Repair Stations . | . . . . . Recycling Units . | . . . . . Scanalyzers . | . . . . . Garrison Access . | . . . . . Data Cores Recovered . | . . . . . Used . | . . . . . Hacking Detections 1 | . 1 . . . Full Trace Events 1 | . 1 . . . Feedback Events . | . . . . . Feedback Blocked . | . . . . . Robot Schematics Acquired . | . . . . . Robots Built . | . . . . . Authchips . | . . . . . Time . | . . . . . Total Robot Build Rating . | . . . . . Part Schematics Acquired . | . . . . . Parts Built . | . . . . . Authchips . | . . . . . Time . | . . . . . Total Part Build Rating . | . . . . . Parts Repaired . | . . . . . Time . | . . . . . Parts Recycled . | . . . . . Recycled Matter . | . . . . . Retrieved Matter . | . . . . . Retrieved Components . | . . . . . Parts Scanalyzed . | . . . . . Part Schematics Acquired . | . . . . . Parts Damaged . | . . . . . Bothacking | -11 -10 -10 -9 -9 ------------ Run | Yrd Mat Min Mat Min Used RIF Installer . | . . . . . Robots Hacked . | . . . . . Non-combat . | . . . . . Combat . | . . . . . Robot Hacks Applied . | . . . . . Relay Couplers Released . | . . . . . Fabnet Peak Effective % . | . . . . . Robots Rewired . | . . . . . Allies Hacked . | . . . . . Hacks Repelled . | . . . . . Allies | -11 -10 -10 -9 -9 -------- Run | Yrd Mat Min Mat Min Total Allies . | . . . . . Largest Group . | . . . . . Highest-Rated Group . | . . . . . Highest-Rated Ally . | . . . . . Total Orders 4 | . . 2 2 . ROAM 1 | . . 1 . . EXPLORE 1 | . . . 1 . RETURN 2 | . . 1 1 . Ally Attacks . | . . . . . Total Damage . | . . . . . Kills . | . . . . . Allies Corrupted . | . . . . . Allies Melted . | . . . . . Intel | -11 -10 -10 -9 -9 ------- Run | Yrd Mat Min Mat Min Robot Analysis Total . | . . . . . Derelict Logs Recovered 2 | . . 2 . . Drone Launches 40 | . . 20 20 . Drone Recoveries 38 | . . 20 18 . Exploration | -11 -10 -10 -9 -9 ------------- Run | Yrd Mat Min Mat Min Turns Passed 1975 | 74 350 665 883 3 Spaces Moved 1124 | 49 168 416 489 2 Core 16 | 16 . . . . Treads 396 | 33 168 195 . . Legs . | . . . . . Wheels 669 | . . 221 446 2 Hover 43 | . . . 43 . Flight . | . . . . . Fastest Speed 50 | 50 160 100 95 110 Average Speed 126 | 124 160 136 107 110 Slowest Speed 240 | 160 160 240 176 110 Overloaded Moves . | . . . . . Propulsion Burnouts . | . . . . . Robots Hopped . | . . . . . Cave-ins Triggered . | . . . . . Exploration Rate (%) 37 | 5 36 67 74 4 Regions Visited 4 Branch Regions 2 Pre-discovered Areas . | . . . . . Known Exits Taken 1 | . . 1 . . Unknown Exits Taken 3 | 1 1 . 1 . Scrap Searched 1 | . . 1 . . Spaces Dug . | . . . . . Terrain Destroyed 17 | . . . 17 . Melee . | . . . . . Projectile . | . . . . . AOE 17 | . . . 17 . Terrain Rammed . | . . . . . Walls Destroyed . | . . . . . Machines Disabled . | . . . . . Actions | -11 -10 -10 -9 -9 --------- Run | Yrd Mat Min Mat Min Total 1495 | 63 211 479 740 2 Wait 196 | . 13 36 147 . Move 1120 | 48 167 415 488 2 Hop . | . . . . . Pick Up 33 | 7 9 1 16 . Fast Attach . | . . . . . Attach 24 | 7 1 3 13 . Detach 1 | 1 . . . . Swap 5 | . . 2 3 . Drop 12 | . 1 3 8 . Fire 96 | . 19 16 61 . Melee . | . . . . . Ram 6 | . . 2 4 . Kick . | . . . . . Crush 2 | . 1 1 . . Escape Stasis . | . . . . . Rewire . | . . . . . Trap . | . . . . . Miscellaneous . | . . . . . Route ------- -11/Scrapyard -10/Materials -10/Mines -9/Materials (discovered 5 exits: [*Mat x3] / [*Min] / *Sto) -9/Mines History --------- Turn | Location | Event 8 | -11/Scrapyard | Discovered new exit (range 14) 75 | -11/Scrapyard | Entered Materials 301 | -10/Materials | Build established: Mutant 365 | -10/Materials | Discovered new exit (range 11) 425 | -10/Materials | Entered Mines 502 | -10/Mines | Met a Derelict bent on vengeance 536 | -10/Mines | Learned Materials garrison access intel 570 | -10/Mines | Found the Drone Emporium 584 | -10/Mines | Learned 4 Materials zone layouts 588 | -10/Mines | Found Prototype Device 589 | -10/Mines | Identified Sensor Drone Bay 658 | -10/Mines | Discovered new exit (range 7) 746 | -10/Mines | Identified exit to Materials 1090 | -10/Mines | Entered Materials 1090 | -9/Materials | Evolved 2 slots: Propulsion x1, Utility x1 1091 | -9/Materials | Identified exit to Storage 1355 | -9/Materials | Discovered new exit (range 16) 1470 | -9/Materials | Destroyed 7 combat bots 1478 | -9/Materials | Lost 5 parts (1p1n1u2w) 1689 | -9/Materials | Discovered new exit (range 5) 1782 | -9/Materials | Build established: Scavenger-Mutant 1796 | -9/Materials | Discovered new exit (range 39) 1968 | -9/Materials | Discovered new exit (range 6) 1973 | -9/Materials | Entered Mines 1976 | -9/Mines | Self-destructed Last Messages --------------- L-31 Rogue destroyed. Switching to secondary target: G-34 Mercenary. Sensor Drone retrieved by Sensor Drone Bay. Matter Filter disabled. G-34 Mercenary destroyed. R-06 Scavenger collects Ion Engine. Acquired 53 matter. K-01 Serf collects debris. R-06 Scavenger collects Katana. K-01 Serf collects debris. W-16 Scout sends out distress signal. K-01 Serf collects debris. R-06 Scavenger collects Core Shielding. K-01 Serf collects debris. G-34 Mercenary destroyed. K-01 Serf cleans the Terminal. EXIT=FOUND LOCATION=UNKNOWN GOAL=ESCAPE Something is scanning the area. Map ----- +----------------------------------------------------+ | ???????????????????????????????? | | ???????????????????????????????? | | ???????????????????????????????? | | ???????????????????????????????? | | ???????????????????????????????? | | ???????????????????????????????? | | ???????????????????????????????? | | ???????????????????????????????? | | ???????????????????????????????? | | ???????????????????????????????? | | ???????????????????????????????? | | ???????????????????????????????? | | ???????????????????????????????? | | ???????????????????????????????? | | ???????????????????????????????? | | ???????????????????????????????? | | ???????????????????????????????? | | ???????????????????????????????? | | ???????????????????????????????? | | ???????????????????????????????? | | ???????????????????????????????? | | ??#########????????????????????? | | ??# #????????????????????? | | ??# #????????????????????? | | ??# #????????????????????? | | ??# @ #????????????????????? | | ??# #????????????????????? | | ??# """ ???????????????????? | | ??# """ ###??????????????????? | | ??# """ #????????????????????? | | ??# #????????????????????? | | ??# """ #????????????????????? | | ??# """ #????????????????????? | | ??# ???g#????????????????????? | | ??# ??????????????????????????? | | ??# ???????????????????????????? | | ???????????????????????????????? | | ???????????????????????????????? | | ???????????????????????????????? | | ???????????????????????????????? | | ???????????????????????????????? | | ???????????????????????????????? | | ???????????????????????????????? | | ???????????????????????????????? | | ???????????????????????????????? | | ???????????????????????????????? | | | | | | | | | +----------------------------------------------------+ Best States ------------- Heat Dissipation 28 Energy Generation 10 Energy Capacity 250 Matter Stores 300 Matter Capacity 300 Sight Range 16 Terrain Scan Density 10 Armor Coverage 225 Evasion (%) 50 Recoil Reduction 2 Item Schematics ----------------- None Robot Schematics ------------------ None Fabricated ------------ Nothing Alien Tech Used ----------------- None Achievements -------------- Release The Drones! Challenges ------------ None Game ------ Seed WarpSubdwellerSink Manual? 0 Play Time 00:28:20 Cumulative 10.7 hours Start 2024.04.04 @ 11:32:57 End 2024.04.04 @ 22:31:01 Sessions 3 Manual Loads 0 Difficulty Rogue Special Mode None Game No. 25 Rogue 25 Adventurer 0 Explorer 0 Win Type - Total 0 Types 0/0/0/0/0/0/0/0/0 Lore% 6 Gallery% 17 Achievement% 13 Wizard Run 0 Options --------- Layout 1 ASCII 0 Keyboard 0 Movement Mouse Keybinds 0 Fullscreen 1 Font 24/Smallcaps Map View 50x35 Zoom Use 0% Tactical HUD 0 Map Filters NONE Filters NONE Steam 1 RUN: aed5597b-152b-404c-bb7a-9b150256a579